[Event "Titled Tuesday Blitz May 16 Late 2023"]
[White "Wagner, Dennis"]
[Black "Ladan, Nicholas"]
[WhiteFideId "24650684"]
[BlackFideId "30918855"]
[WhiteElo "2478"]
[BlackElo "2167"]
[Result "1-0"]
[Round "07"]
[TimeControl "180+2"]
[Date "2023.05.16"]
[WhiteClock "0:00:16"]
[BlackClock "0:00:00"]

1. e4 e5 2. Nf3 Nc6 3. Bb5 a6 4. Ba4 Bc5 5. O-O Nge7 6. Nxe5 Nxe5 7. d4 b5 8. Bb3 Bxd4 9. Qxd4 d6 10. f4 c5 11. Qc3 N5c6 12. Bd5 Nxd5 13. exd5 Nd4 14. Re1+ Kf8 15. b4 Bf5 16. Bb2 Qb6 17. bxc5 dxc5 18. Nd2 b4 19. Qe3 h5 20. Qe7+ Kg8 21. Nc4 Qd8 22. Qxc5 Nxc2 23. d6 Nxe1 24. Qxf5 Rc8 25. Rxe1 Rxc4 26. d7 Qb6+ 27. Kh1 g6 28. Re8+ 1-0


[Site "https://www.chess.com"]

[Event "Titled Tuesday Blitz May 16 Late 2023"]
[White "Geivondian, Arman"]
[Black "Chen, Ryo"]
[WhiteFideId "24102032"]
[BlackFideId "7003072"]
[WhiteElo "2278"]
[BlackElo "2169"]
[Result "0-1"]
[Round "07"]
[TimeControl "180+2"]
[Date "2023.05.16"]
[WhiteClock "0:00:29"]
[BlackClock "0:00:11"]

1. e4 c5 2. Nf3 d6 3. Bb5+ Nd7 4. O-O a6 5. Bxd7+ Bxd7 6. d4 cxd4 7. Qxd4 e5 8. Qd3 Be7 9. c4 h6 10. Nc3 Nf6 11. h3 O-O 12. Be3 Rc8 13. Nd2 Be6 14. Rac1 Nh5 15. Nd5 Bg5 16. Bxg5 Qxg5 17. Qe3 Bxd5 18. Qxg5 hxg5 19. exd5 Nf4 20. Rc2 b5 21. b3 bxc4 22. bxc4 f5 23. Rb1 Nxd5 24. Nf3 Nf6 25. Nxg5 d5 26. Rbc1 d4 27. Re1 d3 28. Rc3 e4 29. c5 Nd5 30. Rc4 Rfe8 31. c6 e3 32. fxe3 d2 33. Rd1 Nxe3 34. Rxd2 Nxc4 35. Rd7 Ne5 36. Ra7 Rxc6 37. Kf2 Rg6 38. h4 Ng4+ 39. Kg3 Rd6 40. Kf4 g6 41. Nf3 Nf6 42. Kg5 Nh7+ 43. Kh6 g5+ 44. Kh5 gxh4 45. Nxh4 Nf6+ 46. Kg5 Ne4+ 47. Kf4 Rh6 48. Nxf5 Rf6 49. g4 Nd6 50. Kg5 Rfe6 51. Nh6+ Kf8 52. Kh5 Re1 53. g5 Rh1+ 54. Kg4 Re4+ 55. Kf3 Rf1+ 56. Kg2 Rff4 57. Rxa6 Nf7 58. Ra8+ Kg7 59. Ra7 Kg6 60. Kg3 Nxh6 61. gxh6 Kxh6 62. Ra6+ Kg5 63. Ra5+ Rf5 64. Ra3 Rg4+ 65. Kh3 Rg1 66. Kh2 Rgf1 67. Ra8 Kf4 68. Kg2 Re1 69. Kf2 Ree5 70. Ra4+ Kg5+ 71. Kg3 Kf6 72. Ra6+ Re6 73. Ra8 Ke5 74. Rg8 Re7 75. Kg4 Rff7 76. Kh5 Rg7 77. Ra8 Rh7+ 78. Kg6 Reg7# 0-1


[Site "https://www.chess.com"]

[Event "Titled Tuesday Blitz May 16 Late 2023"]
[White "Molenda, Marcin"]
[Black "ProphetReborn"]
[WhiteFideId "1173065"]
[WhiteElo "2286"]
[BlackElo "2851"]
[Result "0-1"]
[Round "07"]
[TimeControl "180+2"]
[Date "2023.05.16"]
[WhiteClock "0:01:37"]
[BlackClock "0:02:40"]

1. d4 Nf6 2. c4 e6 3. Nf3 d5 4. Nc3 Nbd7 5. Bf4 dxc4 6. Nb5 Nd5 7. Bg3 Bb4+ 8. Nd2 a6 9. Nc3 Nxc3 10. bxc3 Bxc3 11. Rc1 Bxd4 12. Rxc4 Be5 13. f4 Bd6 14. e4 e5 15. Be2 exf4 16. Bf2 Ne5 17. Rd4 Qe7 18. O-O O-O 19. Kh1 Bc5 20. Nb3 Bxd4 21. Bxd4 Rd8 22. Qe1 Nc6 23. Bb2 Qxe4 24. Qh4 Qxe2 25. Re1 Rd1 0-1


[Site "https://www.chess.com"]

[Event "Titled Tuesday Blitz May 16 Late 2023"]
[White "Shapiro, Viktor"]
[Black "Mendez Fortes, Eduardo Jesus"]
[WhiteFideId "4175700"]
[BlackFideId "3502376"]
[WhiteElo "2152"]
[BlackElo "2307"]
[Result "0-1"]
[Round "07"]
[TimeControl "180+2"]
[Date "2023.05.16"]
[WhiteClock "0:00:06"]
[BlackClock "0:01:43"]

1. Nf3 d5 2. c4 e6 3. g3 Nf6 4. Bg2 Be7 5. O-O O-O 6. d4 dxc4 7. Qa4 a6 8. Qxc4 b5 9. Qc2 Bb7 10. Nc3 Nc6 11. Rd1 Nb4 12. Qd2 Qc8 13. b3 Rd8 14. Bb2 c5 15. e3 cxd4 16. exd4 Nbd5 17. Nxd5 Bxd5 18. Rac1 Qb7 19. Qe2 a5 20. Nh4 a4 21. Bxd5 Nxd5 22. Nf3 axb3 23. axb3 Ra2 24. Rd2 h6 25. Ne5 Bf6 26. Nc6 Rc8 27. Ne5 Rxc1+ 28. Bxc1 Ra1 29. Rc2 Nb4 30. Rc5 Bxe5 31. dxe5 Qd7 32. Kg2 Nd3 0-1


[Site "https://www.chess.com"]

[Event "Titled Tuesday Blitz May 16 Late 2023"]
[White "Koutlas, Nikolaos"]
[Black "Schekachikhin, Maksim"]
[WhiteFideId "25827138"]
[BlackFideId "24177830"]
[WhiteElo "2215"]
[BlackElo "2272"]
[Result "1-0"]
[Round "07"]
[TimeControl "180+2"]
[Date "2023.05.16"]
[WhiteClock "0:00:10"]
[BlackClock "0:00:12"]

1. c4 e5 2. d3 c6 3. Nf3 Nf6 4. g3 Bb4+ 5. Nbd2 d6 6. Bg2 O-O 7. O-O Re8 8. a3 Ba5 9. b4 Bc7 10. Bb2 a5 11. e4 Nbd7 12. Re1 Nf8 13. h3 Ne6 14. Nb3 axb4 15. axb4 Rxa1 16. Qxa1 h5 17. c5 dxc5 18. Nxc5 Nxc5 19. bxc5 Nd7 20. d4 exd4 21. Bxd4 f6 22. Qa2+ Kh7 23. Qf7 Nf8 24. Ng5+ Kh6 25. h4 Qe7 26. Be3 Qxf7 27. Nxf7+ Kg6 28. Nd6 Bxd6 29. cxd6 Nd7 30. f4 Kf7 31. Bf1 Rxe4 32. Kf2 b5 33. Bg2 Rc4 34. Bf3 g6 35. Ra1 Nf8 36. Ra7+ Bd7 37. Ra8 b4 38. Rb8 Rc2+ 39. Ke1 c5 40. Bd5+ Be6 41. Rxf8+ Kxf8 42. Bxe6 Rc3 43. Kd2 Ke8 44. f5 gxf5 45. Bxf5 Rc4 46. Kd3 Rc3+ 47. Kd2 Rc4 48. Bf2 b3 49. Bd3 Rg4 50. Bxc5 Rxg3 51. Bb5+ Kf7 52. Bc4+ Ke8 53. Be6 Rg7 54. d7+ Rxd7+ 55. Bxd7+ Kxd7 56. Kc3 Ke6 57. Kxb3 Kf5 58. Be7 Kg4 59. Bxf6 Kf5 60. Bg5 Kg6 61. Kc4 Kf5 62. Kc3 Kg6 63. Kd2 Kf5 64. Ke2 Ke4 65. Kf2 Kf5 66. Kf3 Ke6 67. Kf4 Kf7 68. Kf5 Kg7 69. Bf4 Kh7 70. Kg5 1-0


[Site "https://www.chess.com"]

[Event "Titled Tuesday Blitz May 16 Late 2023"]
[White "Liu, Casper"]
[Black "Korchmar, Vasiliy"]
[WhiteFideId "1454153"]
[BlackFideId "24131750"]
[WhiteElo "2221"]
[BlackElo "2370"]
[Result "1/2-1/2"]
[Round "07"]
[TimeControl "180+2"]
[Date "2023.05.16"]
[WhiteClock "0:00:49"]
[BlackClock "0:00:03"]

1. e4 c5 2. Nf3 d6 3. c3 Nf6 4. h3 Nc6 5. Bd3 d5 6. exd5 Qxd5 7. Qe2 Qh5 8. Bc2 Bg4 9. Ba4 Bxf3 10. Qxf3 Qxf3 11. gxf3 Rc8 12. Ke2 g6 13. d3 Bg7 14. Be3 b6 15. Nd2 O-O 16. Bb5 Rfd8 17. Rad1 Nd5 18. Nc4 Bxc3 19. Bxc6 Rxc6 20. bxc3 Nxc3+ 21. Kd2 Nxd1 22. Rxd1 b5 23. Ne5 Ra6 24. Bxc5 Rxa2+ 25. Ke3 a5 26. Nc6 Re8 27. Rb1 b4 28. Bb6 Ra8 29. Nxe7+ Kf8 30. Bc5 Kg7 31. Nd5 Re8+ 32. Kf4 Ree2 33. Bd4+ Kh6 34. Nf6 b3 35. Rxb3 Ra4 36. Ng8+ Kh5 37. Rb5+ Kh4 38. Rd5 Re6 39. Nh6 Rb4 40. Ng4 a4 41. Ne3 Rf6+ 42. Ke5 Re6+ 43. Kf4 Rf6+ 44. Ke4 Re6+ 45. Kf4 1/2-1/2


[Site "https://www.chess.com"]

[Event "Titled Tuesday Blitz May 16 Late 2023"]
[White "Piesik, Piotr"]
[Black "Rottenwohrer Suarez, Juan"]
[WhiteFideId "1136194"]
[BlackFideId "32068182"]
[WhiteElo "2299"]
[BlackElo "2174"]
[Result "1-0"]
[Round "07"]
[TimeControl "180+2"]
[Date "2023.05.16"]
[WhiteClock "0:00:05"]
[BlackClock "0:00:03"]

1. Nf3 Nf6 2. g3 g6 3. Bg2 Bg7 4. O-O O-O 5. d4 d6 6. Nbd2 d5 7. Ne5 c5 8. dxc5 Qc7 9. Nd3 a5 10. e4 Bg4 11. Qe1 Rd8 12. h3 Bc8 13. e5 Nfd7 14. e6 Nxc5 15. exf7+ Kxf7 16. Nf3 Nxd3 17. cxd3 e5 18. Bg5 Re8 19. Rc1 Qb6 20. Be3 d4 21. Ng5+ Kf8 22. Bd2 h6 23. Ne4 Nc6 24. f4 Kg8 25. Nd6 Rd8 26. Nxc8 Raxc8 27. f5 gxf5 28. Rxf5 Nb4 29. Rxc8 Rxc8 30. Be4 Nc2 31. Qe2 Ne3 32. Bxe3 dxe3 33. Rf3 Rc1+ 34. Kg2 Qc5 35. Qxe3 Rc2+ 36. Kg1 Rc1+ 37. Kh2 Rc2+ 38. Kh1 Rc1+ 39. Kg2 Rc2+ 40. Kf1 Rc1+ 41. Ke2 Rc2+ 42. Kd1 Qxe3 43. Rxe3 Rxb2 44. Kc1 Rb4 45. Rf3 Bf8 46. Bd5+ Kg7 47. Rf7+ Kg6 48. Rxf8 Rd4 49. Be4+ Kg7 50. Rb8 a4 51. Rxb7+ Kf6 52. Kc2 Kg5 53. h4+ Kf6 54. Rh7 Ke6 55. Rxh6+ Kd7 56. Ra6 Ke7 57. h5 1-0


[Site "https://www.chess.com"]

[Event "Titled Tuesday Blitz May 16 Late 2023"]
[White "Womacka, Mathias"]
[Black "Eugene, Floryan"]
[WhiteFideId "4611390"]
[BlackFideId "20694784"]
[WhiteElo "2377"]
[BlackElo "2369"]
[Result "0-1"]
[Round "07"]
[TimeControl "180+2"]
[Date "2023.05.16"]
[WhiteClock "0:00:00"]
[BlackClock "0:00:13"]

1. e4 c5 2. Nf3 e6 3. d4 cxd4 4. Nxd4 d5 5. Bb5+ Bd7 6. exd5 e5 7. Bxd7+ Qxd7 8. Nb3 Nf6 9. c4 Bb4+ 10. Bd2 Bxd2+ 11. Qxd2 O-O 12. O-O b5 13. cxb5 Qxd5 14. Qxd5 Nxd5 15. Rd1 Nb6 16. Nc3 a6 17. a4 axb5 18. axb5 N8d7 19. Kf1 f6 20. Ra6 Kf7 21. Nd5 Rfb8 22. Nc7 Rxa6 23. bxa6 Rc8 24. Nd5 Ke6 25. Nxb6 Nxb6 26. Na5 Ra8 27. Nb7 Na4 28. Rd6+ Ke7 29. b3 Nc3 30. Rc6 Nb5 31. b4 Kd7 32. Rc5 Nd6 33. Nxd6 Kxd6 34. Ra5 Kc6 35. Ke2 Kb6 36. Kd3 Rd8+ 37. Ke3 Ka7 38. b5 Kb6 39. Ra2 Kxb5 40. a7 Ra8 41. Ke4 Kc6 42. Kf5 Kd6 43. h4 Ke7 44. h5 Kf7 45. Ke4 g6 46. g4 Ke7 47. hxg6 hxg6 48. Kd5 Kd7 49. g5 fxg5 50. Kxe5 Ke7 51. Ra3 Kf7 52. Kd6 g4 53. Kc7 g3 54. Kb7 g2 55. Ra1 Rh8 0-1


[Site "https://www.chess.com"]

[Event "Titled Tuesday Blitz May 16 Late 2023"]
[White "Kaplan, Avi Harrison"]
[Black "Spata, German"]
[WhiteFideId "30934559"]
[BlackFideId "113026"]
[WhiteElo "1983"]
[BlackElo "2260"]
[Result "1-0"]
[Round "07"]
[TimeControl "180+2"]
[Date "2023.05.16"]
[WhiteClock "0:00:14"]
[BlackClock "0:00:00"]

1. g3 g6 2. Bg2 Bg7 3. d3 d6 4. Nf3 c5 5. O-O Nc6 6. e4 Nf6 7. c3 O-O 8. Nbd2 Rb8 9. Nh4 b5 10. f4 Nd7 11. f5 b4 12. fxg6 hxg6 13. e5 Ncxe5 14. d4 cxd4 15. cxd4 Nd3 16. Nxg6 fxg6 17. Qb3+ Kh7 18. Qxd3 Rxf1+ 19. Nxf1 Qb6 20. Be3 Nf6 21. h3 Bf5 22. Qe2 Rc8 23. g4 Rc2 24. Qd1 Rxg2+ 25. Kxg2 Be4+ 26. Kg1 Nd5 27. Bf2 Nf4 28. Kh2 d5 29. Bg3 Nd3 30. Nd2 Qxd4 31. Nxe4 dxe4 32. Rb1 e3 33. Qf3 e5 34. Rd1 Qxb2+ 35. Qg2 Nf2 36. Rd7 Qc3 37. Qf3 1-0


[Site "https://www.chess.com"]

[Event "Titled Tuesday Blitz May 16 Late 2023"]
[White "Fan_Of_Chucky"]
[Black "Domingo Nunez, Alejandro"]
[BlackFideId "22245561"]
[WhiteElo "2442"]
[BlackElo "2291"]
[Result "0-1"]
[Round "07"]
[TimeControl "180+2"]
[Date "2023.05.16"]
[WhiteClock "0:00:00"]
[BlackClock "0:00:08"]

1. d4 g6 2. c4 Bg7 3. Nc3 d6 4. e4 Nf6 5. h3 O-O 6. Be3 e5 7. d5 Na6 8. g4 Nc5 9. f3 a5 10. Qd2 h5 11. O-O-O Nh7 12. g5 f5 13. gxf6 Bxf6 14. Nge2 Bg5 15. Rg1 Bxe3 16. Qxe3 Kg7 17. f4 Qh4 18. fxe5 Nd7 19. exd6 cxd6 20. Nd4 Ne5 21. Ncb5 Qe7 22. Ne2 Nxc4 23. Qc3+ Ne5 24. Qc7 Qd7 25. Qxd7+ Bxd7 26. Nxd6 Rf6 27. Nf5+ Kh8 28. Nfd4 Rf2 29. Rg2 Raf8 30. Rxf2 Rxf2 31. Ne6 Nf6 32. Nc5 Bb5 33. Rd2 Rxf1+ 34. Kc2 Nf3 35. Ng3 Nxd2 36. Nxf1 Nxf1 37. d6 Ne3+ 38. Kc3 Nc4 39. e5 Nxe5 40. a4 Bc6 0-1


[Site "https://www.chess.com"]

[Event "Titled Tuesday Blitz May 16 Late 2023"]
[White "Omranalhosani21"]
[Black "Yeritsyan, Hayk"]
[BlackFideId "13307320"]
[WhiteElo "2570"]
[BlackElo "2440"]
[Result "0-1"]
[Round "07"]
[TimeControl "180+2"]
[Date "2023.05.16"]
[WhiteClock "0:00:00"]
[BlackClock "0:00:02"]

1. e4 c6 2. d4 d5 3. e5 c5 4. c3 Nc6 5. Nf3 cxd4 6. cxd4 Bg4 7. Be2 e6 8. Be3 Nge7 9. O-O Nf5 10. Nc3 Be7 11. Qb3 a6 12. Rfd1 O-O 13. h3 Bxf3 14. Bxf3 Na5 15. Qc2 Rc8 16. Bf4 Qb6 17. Nxd5 Rxc2 18. Nxb6 Rxb2 19. Bd2 Bb4 20. Bc1 Rc2 21. Be4 Rc7 22. d5 Bc3 23. Rb1 Bxe5 24. Bxf5 exf5 25. d6 Rc6 26. d7 Rd8 27. Ba3 Bc7 28. Nd5 Kh8 29. Bb4 Nc4 30. Be7 Rxd7 31. Nxc7 Rcxc7 32. Bh4 h6 33. Re1 Kh7 34. Bg3 Rc6 35. Re8 b5 36. h4 h5 37. Rbe1 Kg6 38. Rh8 Nd6 39. Ra8 Ne4 40. Bf4 f6 41. f3 Nc5 42. Ree8 Ne6 43. Rac8 Rxc8 44. Rxc8 Nxf4 45. Kf2 Ne6 46. Rc6 Kf7 0-1


[Site "https://www.chess.com"]

[Event "Titled Tuesday Blitz May 16 Late 2023"]
[White "Colbow, Collin"]
[Black "liwadas82"]
[WhiteFideId "16201132"]
[WhiteElo "2351"]
[BlackElo "2440"]
[Result "1/2-1/2"]
[Round "07"]
[TimeControl "180+2"]
[Date "2023.05.16"]
[WhiteClock "0:00:03"]
[BlackClock "0:00:05"]

1. Nf3 Nf6 2. g3 b5 3. Bg2 Bb7 4. O-O e6 5. d3 d5 6. Nbd2 Nbd7 7. Re1 Be7 8. e4 dxe4 9. dxe4 Nc5 10. e5 Nfe4 11. Nb3 Nxb3 12. axb3 Qxd1 13. Rxd1 Bc5 14. Nd4 O-O-O 15. Be3 Bb6 16. Nxb5 Rxd1+ 17. Rxd1 Bxe3 18. fxe3 a6 19. Nc3 Nxc3 20. Bxb7+ Kxb7 21. bxc3 Kc6 22. Kf2 a5 23. Ra1 Kb6 24. Ra4 c5 25. Rg4 g6 26. Rf4 Rd8 27. Ke2 Rd7 28. g4 h6 29. c4 a4 30. bxa4 Ka5 31. h4 Kxa4 32. h5 gxh5 33. gxh5 Kb4 34. Kf3 Rd2 35. Rxf7 Kxc4 36. Ke4 Rh2 37. Rf6 Rh4+ 38. Kf3 Rxh5 39. Rxe6 Kd5 40. Ra6 Kxe5 41. c4 Rh4 42. Rc6 Rxc4 43. Rxh6 Rc1 44. Rh5+ Kd6 45. Ke4 c4 46. Kd4 c3 47. Rh6+ Ke7 48. Rh7+ Ke6 49. Rc7 Rd1+ 50. Ke4 Rc1 51. Rc4 c2 52. Kd3 Kd5 53. Rd4+ Ke5 54. Kd2 Rd1+ 55. Kxc2 Rxd4 56. exd4+ Kxd4 1/2-1/2


[Site "https://www.chess.com"]

[Event "Titled Tuesday Blitz May 16 Late 2023"]
[White "Toniutti, Ezio"]
[Black "Janaszak, Dawid"]
[WhiteFideId "113034"]
[BlackFideId "1119206"]
[WhiteElo "2215"]
[BlackElo "2220"]
[Result "1-0"]
[Round "07"]
[TimeControl "180+2"]
[Date "2023.05.16"]
[WhiteClock "0:00:06"]
[BlackClock "0:00:12"]

1. d4 d5 2. c4 e6 3. Nf3 c5 4. cxd5 exd5 5. Nc3 Nc6 6. dxc5 d4 7. Na4 b5 8. cxb6 axb6 9. Bd2 Nf6 10. Rc1 Bd7 11. e3 Nb4 12. b3 d3 13. Nd4 Nxa2 14. Ra1 Nb4 15. Qb1 b5 16. Nc3 Nc2+ 17. Nxc2 dxc2 18. Qc1 Rxa1 19. Qxa1 b4 20. Nb5 Be7 21. Nd4 Ne4 22. Qc1 Bh4 23. g3 Qf6 24. f3 Nxd2 25. Qxd2 Bg5 26. f4 Bh6 27. Qxc2 O-O 28. Bg2 Rc8 29. Qd2 Qa6 30. Kf2 Rc3 31. Rc1 Qc8 32. Rxc3 bxc3 33. Qc2 g6 34. Ne2 Bg7 35. Be4 Be6 36. Bd3 Qc6 37. b4 h5 38. b5 Qh1 39. Be4 Qxh2+ 40. Ke1 Bc4 41. Bd3 Qh1+ 42. Kf2 Bd5 43. e4 Be6 44. b6 Bf8 45. Qxc3 Qh2+ 46. Ke3 Bg7 47. e5 Qh1 48. Be4 Qf1 49. b7 Bg4 50. b8=Q+ Kh7 51. Qd3 h4 52. Qc7 hxg3 53. Qxf7 Bh5 54. Bxg6+ Kh6 55. Bxh5 Qf2+ 56. Ke4 Kh7 57. Bg6+ Kh6 58. Bf5 Qb6 59. Qg6+ 1-0


[Site "https://www.chess.com"]

[Event "Titled Tuesday Blitz May 16 Late 2023"]
[White "Moral Garcia, Serafin"]
[Black "Mortazavi, Ali"]
[WhiteFideId "2201925"]
[BlackFideId "401323"]
[WhiteElo "2274"]
[BlackElo "2339"]
[Result "1-0"]
[Round "07"]
[TimeControl "180+2"]
[Date "2023.05.16"]
[WhiteClock "0:00:19"]
[BlackClock "0:00:09"]

1. e4 c6 2. d4 d5 3. exd5 cxd5 4. c4 Nf6 5. Nc3 g6 6. cxd5 Nxd5 7. Bc4 Nb6 8. Bb3 Bg7 9. d5 O-O 10. Nf3 N8d7 11. Be3 Nf6 12. h3 Bd7 13. O-O Rc8 14. Bd4 Nc4 15. Qe2 b5 16. a4 a6 17. axb5 Bxb5 18. Nxb5 axb5 19. Ra7 Nxd5 20. Bxg7 Kxg7 21. Rd1 e6 22. Qxe6 Qb6 23. Rxf7+ Rxf7 24. Qxc8 Nf4 25. Bxc4 bxc4 26. Ne5 Ne2+ 27. Kh1 Rxf2 28. Rd7+ Kh6 29. Ng4+ Kg5 30. Nxf2 Qxf2 31. Qd8+ Kh6 32. Rd1 Ng3+ 33. Kh2 Qf4 34. Qd4 Ne4+ 35. Kg1 g5 36. Rf1 Ng3 37. Rxf4 Ne2+ 38. Kf2 1-0


[Site "https://www.chess.com"]

[Event "Titled Tuesday Blitz May 16 Late 2023"]
[White "Abduzhaparov"]
[Black "Bruedigam, Martin"]
[BlackFideId "24608033"]
[WhiteElo "2399"]
[BlackElo "2331"]
[Result "1-0"]
[Round "07"]
[TimeControl "180+2"]
[Date "2023.05.16"]
[WhiteClock "0:00:57"]
[BlackClock "0:01:46"]

1. Nf3 d5 2. c4 d4 3. e3 Nc6 4. b4 Nxb4 5. exd4 e6 6. Nc3 Nf6 7. Be2 Nc6 8. O-O Be7 9. Bb2 O-O 10. Rc1 b6 11. d5 Na5 12. dxe6 Bxe6 13. d3 c5 14. Ng5 Bd7 15. Bf3 Bc6 16. Nce4 h6 17. Nxf6+ Bxf6 18. Bxf6 Qxf6 19. Ne4 Qd4 20. Nc3 Bxf3 21. Qxf3 Rad8 22. Nd5 Rfe8 23. Rce1 Re5 24. Ne7+ Kf8 25. Rxe5 1-0


[Site "https://www.chess.com"]

[Event "Titled Tuesday Blitz May 16 Late 2023"]
[White "Szyszylo, Rafal"]
[Black "Haszon, David"]
[WhiteFideId "1109626"]
[BlackFideId "733610"]
[WhiteElo "1951"]
[BlackElo "2210"]
[Result "1-0"]
[Round "07"]
[TimeControl "180+2"]
[Date "2023.05.16"]
[WhiteClock "0:01:45"]
[BlackClock "0:00:02"]

1. e4 c5 2. Nf3 e6 3. d4 cxd4 4. Nxd4 Nf6 5. Bd3 Nc6 6. Nxc6 bxc6 7. O-O d5 8. Nc3 Rb8 9. f4 Bc5+ 10. Kh1 h5 11. e5 Ng4 12. Qf3 Qh4 13. h3 a5 14. Bd2 Nf2+ 15. Kh2 Nxd3 16. cxd3 Rxb2 17. Na4 Rxd2 18. Nxc5 Qe7 19. Rfc1 g6 20. a4 O-O 21. Qe3 Rb2 22. Rab1 Rxb1 23. Rxb1 f6 24. d4 fxe5 25. Qxe5 Qf7 26. g3 h4 27. Rb6 hxg3+ 28. Kxg3 Qe7 29. Rxc6 Kh7 30. Rc7 1-0


[Site "https://www.chess.com"]

[Event "Titled Tuesday Blitz May 16 Late 2023"]
[White "Bryant, Todd"]
[Black "cristianserban1"]
[WhiteFideId "2031299"]
[WhiteElo "2374"]
[BlackElo "2519"]
[Result "1/2-1/2"]
[Round "07"]
[TimeControl "180+2"]
[Date "2023.05.16"]
[WhiteClock "0:00:12"]
[BlackClock "0:00:21"]

1. e4 c6 2. d4 d5 3. f3 g6 4. Nc3 Bg7 5. e5 a6 6. f4 h5 7. Nf3 Bg4 8. Be3 e6 9. Be2 Ne7 10. Qd2 Nf5 11. O-O-O Nd7 12. h3 Bxf3 13. Bxf3 h4 14. Bf2 Qc7 15. Bg4 Bf8 16. Bxf5 exf5 17. Qe1 Be7 18. Ne2 Nf8 19. Ng1 Ne6 20. Qe3 g5 21. Ne2 gxf4 22. Nxf4 Bg5 23. g3 O-O-O 24. Kb1 Bxf4 25. gxf4 Rdg8 26. Rdg1 Qe7 27. Qf3 Rg6 28. Rxg6 fxg6 29. Rg1 Rg8 30. c3 Qh7 31. a3 Qh6 32. Be3 Qh7 33. b4 g5 34. Kb2 gxf4 35. Rxg8+ Qxg8 36. Bxf4 Nxf4 37. Qxf4 Qg2+ 38. Kb3 Qxh3 39. Qh6 Qf1 40. Qf8+ Kc7 41. Qd6+ Kc8 42. Qf8+ Kc7 43. Qd6+ Kc8 44. Qf8+ 1/2-1/2


[Site "https://www.chess.com"]

[Event "Titled Tuesday Blitz May 16 Late 2023"]
[White "Karas, Marek"]
[Black "Figorito, Nick"]
[WhiteFideId "14928558"]
[BlackFideId "30923689"]
[WhiteElo "2233"]
[BlackElo "2338"]
[Result "1/2-1/2"]
[Round "07"]
[TimeControl "180+2"]
[Date "2023.05.16"]
[WhiteClock "0:00:29"]
[BlackClock "0:00:21"]

1. Nf3 Nf6 2. c4 c6 3. d4 d5 4. g3 g6 5. cxd5 cxd5 6. Nc3 Bg7 7. Bg2 O-O 8. O-O Ne4 9. Nxe4 dxe4 10. Ne5 Qd5 11. f4 exf3 12. Bxf3 Qd8 13. Bf4 Nd7 14. Nxd7 Qxd7 15. e3 Qb5 16. Qb3 Qxb3 17. axb3 a6 18. Rfc1 Re8 19. Rc7 e5 20. dxe5 Bxe5 21. Bxb7 Bxf4 22. exf4 Bxb7 23. Rxb7 Re2 24. Rf1 Rd8 25. Rf2 Rdd2 26. Rxe2 Rxe2 27. Rb6 Rxb2 28. Rxa6 Rxb3 29. Kg2 h5 30. Ra2 Kg7 31. Re2 Rc3 32. h3 f5 33. Kf2 Kh6 34. Re3 Rc2+ 35. Re2 Rc3 36. Kg2 Rb3 37. Rf2 Rc3 38. Rf3 Rc2+ 39. Rf2 Rc3 40. Ra2 Rb3 41. Rc2 Rd3 42. Kf2 Rb3 43. Rc1 Rd3 44. Rg1 Ra3 45. h4 Rb3 46. Re1 Ra3 47. Rd1 Rb3 48. Rc1 Ra3 49. Rb1 Rc3 50. Re1 Ra3 51. Re2 Rb3 52. Re5 Ra3 53. Re6 Rb3 54. Re7 Ra3 55. Re8 Rb3 56. Re7 Ra3 57. Re3 Ra2+ 58. Re2 Ra3 59. Rd2 Rb3 60. Rd4 Ra3 61. Rd5 Rb3 62. Re5 Ra3 63. Re3 Ra2+ 64. Kf3 Ra1 65. Rd3 Re1 66. Rc3 Re7 67. Re3 Ra7 68. Ke2 Rd7 69. Rd3 Ra7 70. Ke3 Ra1 71. Kd4 Ra5 72. Rc3 Kg7 73. Kc4 Ra7 74. Kd5 Re7 75. Kd6 Re1 76. Kd5 Kh6 77. Kd4 Re4+ 78. Kd5 Re1 79. Rd3 Re4 80. Kd6 Re1 81. Rf3 Re4 82. Kd5 Re1 83. Kd4 Re4+ 84. Kd3 Re1 85. Re3 Ra1 86. Kd4 Ra4+ 87. Ke5 Ra5+ 88. Kf6 Ra6+ 89. Re6 Ra3 90. Re8 Ra6+ 91. Kf7 Ra7+ 92. Re7 Ra3 93. Kg8 Ra8+ 94. Kf7 Ra3 95. Re8 1/2-1/2


[Site "https://www.chess.com"]

[Event "Titled Tuesday Blitz May 16 Late 2023"]
[White "Bilan, Danila"]
[Black "Georg, Heinz"]
[WhiteFideId "24161918"]
[BlackFideId "4607295"]
[WhiteElo "2182"]
[BlackElo "2320"]
[Result "1-0"]
[Round "07"]
[TimeControl "180+2"]
[Date "2023.05.16"]
[WhiteClock "0:00:37"]
[BlackClock "0:00:10"]

1. d4 e6 2. Nf3 f5 3. g3 Nf6 4. Bg2 Be7 5. O-O O-O 6. c4 d6 7. Nc3 Ne4 8. Qc2 Nxc3 9. Qxc3 a5 10. b3 Bf6 11. Bb2 Nc6 12. Rad1 Qe8 13. Qc2 e5 14. dxe5 dxe5 15. Ba3 Be7 16. Bxe7 Qxe7 17. Rd2 Be6 18. Rfd1 Rad8 19. Qc3 Rxd2 20. Rxd2 Qb4 21. Qxb4 axb4 22. Ng5 Bc8 23. Bd5+ Kh8 24. Nf7+ Kg8 25. Nxe5+ Kh8 26. Nf7+ Kg8 27. Ne5+ Kh8 28. Bxc6 bxc6 29. Nxc6 Bb7 30. Nxb4 Ra8 31. Nd5 c6 32. Nb6 Re8 33. Rd7 Ba6 34. Ra7 Bc8 35. Ra8 Bd7 36. Rxe8+ Bxe8 37. c5 Kg8 38. a4 Kf7 39. a5 Ke6 40. a6 1-0


[Site "https://www.chess.com"]

[Event "Titled Tuesday Blitz May 16 Late 2023"]
[White "Wieczorek, Zbigniew"]
[Black "Jovic, Stanoje"]
[WhiteFideId "1102001"]
[BlackFideId "905020"]
[WhiteElo "2303"]
[BlackElo "2236"]
[Result "1-0"]
[Round "07"]
[TimeControl "180+2"]
[Date "2023.05.16"]
[WhiteClock "0:00:29"]
[BlackClock "0:00:00"]

1. Nf3 Nf6 2. g3 b5 3. Bg2 Bb7 4. d3 c5 5. e4 d5 6. O-O dxe4 7. Ng5 Nbd7 8. Nc3 b4 9. Ncxe4 Nxe4 10. Nxe4 Qb6 11. Re1 O-O-O 12. Ng5 Bxg2 13. Kxg2 Qg6 14. Qf3 e5 15. Nxf7 Bd6 16. Qc6+ Bc7 17. Qxg6 hxg6 18. Nxd8 Rxd8 19. a3 b3 20. cxb3 Nf6 21. Be3 Rxd3 22. Bxc5 Rxb3 23. Re2 Kb7 24. Rc1 e4 25. Bxa7 Be5 26. Bc5 g5 27. h3 g4 28. h4 Ka6 29. Rcc2 Kb5 30. Be7 Rd3 31. Bxf6 gxf6 32. Rxe4 1-0


[Site "https://www.chess.com"]

[Event "Titled Tuesday Blitz May 16 Late 2023"]
[White "Deviprasath, Sharvesh"]
[Black "Arias Igual, Alejandro"]
[WhiteFideId "30938228"]
[BlackFideId "2254905"]
[WhiteElo "2168"]
[BlackElo "2179"]
[Result "1-0"]
[Round "07"]
[TimeControl "180+2"]
[Date "2023.05.16"]
[WhiteClock "0:01:45"]
[BlackClock "0:00:03"]

1. e4 c5 2. Nf3 g6 3. d4 cxd4 4. Nxd4 Nc6 5. c4 Nf6 6. Nc3 d6 7. Be2 Nxd4 8. Qxd4 Bg7 9. Be3 O-O 10. Qd2 Be6 11. O-O Qa5 12. b3 Rfc8 13. Rac1 a6 14. a4 Nd7 15. Bd4 Bxd4 16. Qxd4 Qb4 17. Rb1 Qc5 18. Qd2 Nf6 19. Rfc1 a5 20. h3 Bd7 21. Nd5 Nxd5 22. exd5 e5 23. dxe6 Bxe6 24. Bf3 Rc7 25. Rc3 Rd8 26. Rd1 d5 27. Rd3 Rcd7 28. cxd5 Bf5 29. Rd4 Qd6 30. g4 b6 31. gxf5 gxf5 32. Qf4 Qf6 33. d6 Kh8 34. Rd5 Rg8+ 35. Kh2 Rg5 36. Qd4 1-0


[Site "https://www.chess.com"]

[Event "Titled Tuesday Blitz May 16 Late 2023"]
[White "Martic, Ivan"]
[Black "Kev4444444444"]
[WhiteFideId "929301"]
[WhiteElo "2360"]
[BlackElo "2157"]
[Result "1-0"]
[Round "07"]
[TimeControl "180+2"]
[Date "2023.05.16"]
[WhiteClock "0:00:56"]
[BlackClock "0:00:17"]

1. e4 g6 2. d4 Bg7 3. Nc3 c5 4. d5 d6 5. Bb5+ Bd7 6. a4 Nf6 7. Nf3 O-O 8. O-O b6 9. Re1 a6 10. Bf1 Bc8 11. h3 Nbd7 12. Bg5 h6 13. Bf4 Kh7 14. Qd2 Bb7 15. Rad1 Rc8 16. e5 dxe5 17. Nxe5 Nxe5 18. Bxe5 Ne8 19. Bf4 Nd6 20. Be5 Rc7 21. Bxg7 Kxg7 22. Qf4 Rd7 23. h4 h5 24. g3 Ne8 25. Bh3 Rd6 26. Qe5+ Nf6 27. Qxe7 Qxe7 28. Rxe7 Bxd5 29. Ra7 a5 30. Bg2 Rfd8 31. Nb5 Rc6 32. c4 Bxg2 33. Rxd8 Bf3 34. Rd6 Rc8 35. Rd3 Be2 36. Rd2 Re8 37. Rxf7+ Kg8 38. Rxf6 Bf3 39. Rxf3 1-0


[Site "https://www.chess.com"]